 Dungeon Crawl Stone Soup version 0.18.1-1-g2f07953 (webtiles) character file.

39 oplop the Sneak (level 3, -1/18 HPs)
             Began as a Vine Stalker Assassin on May 7, 2016.
             Slain by a gnoll
             ... wielding a +0 flail
              (5 damage)
             ... on level 2 of the Dungeon.
             The game lasted 00:02:10 (850 turns).

oplop the Sneak (Vine Stalker Assassin)              Turns: 850, Time: 00:02:10

Health: -1/18      AC:  4    Str: 13    XL:     3   Next: 47%
Magic:  0/4        EV: 12    Int: 12    God:
Gold:   78         SH:  0    Dex: 15    Spells: 0 memorised, 2 levels left

rFire  . . .     SeeInvis .     j - +0 dagger (drain)
rCold  . . .     Gourm    .     c - +0 robe
rNeg   . . .     Faith    .     (no shield)
rPois  .         Spirit   +     (no helmet)
rElec  .         Dismiss  .     d - +0 cloak
rCorr  .         Reflect  .     k - +0 pair of gloves
SustAt .         Harm     .     (no boots)
MR     .....                    (no amulet)
Stlth  +++.......               (no ring)
                                (no ring)

@: drained, not resistant to hostile enchantments, fairly stealthy
A: fangs 2, regeneration 1, magic shield, antimagic bite, no device heal 3, rot
immunity
a: no special abilities


You were on level 2 of the Dungeon.
You were not hungry.

You visited 1 branch of the dungeon, and saw 2 of its levels.

You collected 78 gold pieces.

Inventory:

Hand Weapons
 a - a +2 dagger
 b - a +0 blowgun
 j - a +0 dagger of draining (weapon)
Missiles
 e - 8 poisoned needles
 f - 2 curare-tipped needles
Armour
 c - a +0 robe (worn)
 d - a +0 cloak (worn)
 k - a +0 pair of gloves (worn)
Scrolls
 i - 2 scrolls of remove curse {unknown}
 l - a scroll of noise {unknown}
 m - a scroll of magic mapping {unknown}
Potions
 h - a potion of curing {unknown}
Comestibles
 g - 2 bread rations


   Skills:
 + Level 2.1 Fighting
 + Level 2.2(2.1) Short Blades
 - Level 1.8(1.7) Throwing
 + Level 1.0 Dodging
 + Level 5.5 Stealth


You had 2 spell levels left.
You didn't know any spells.

Dungeon Overview and Level Annotations

Branches:
Dungeon (2/15)

Altars:


Innate Abilities, Weirdness & Mutations

You have extremely sharp teeth.
Your natural rate of healing is unusually fast.
When hurt, damage is shared between your health and your magic reserves.
Your bite disrupts and absorbs the magic of your enemies.
Potions and wands cannot restore your health.
You are immune to rotting.


Message History

The gnoll is heavily wounded.
The gnoll closely misses you.
You hit the gnoll but do no damage. You drain the gnoll!
The gnoll is severely wounded.
The gnoll hits you from afar with a spear.
The gnoll completely misses you.
You closely miss the gnoll. Your bite misses the gnoll.
The gnoll is severely wounded.
The gnoll hits you from afar with a spear.
You closely miss the gnoll. You bite the gnoll. You drain its power.
You feel invigorated.
The gnoll is severely wounded.
The gnoll hits you with a flail!
* * * LOW HITPOINT WARNING * * *
The gnoll hits you from afar with a spear!
* * * LOW HITPOINT WARNING * * *
You see here a hand axe.
You see here a dagger.
The gnoll hits you with a flail.
You die...

#....####
#.......#
#....##.## ##
#.#.###).####...
#...............
####..#..........
....###g......##
.##.†#g..##.###
#..@.#.# (#
#..###.# #
#.##..###..
#......#####
#.###..# # #..#
#. #..####.. #.#
#......)#
#.###..####..


You could see 2 gnolls.

Vanquished Creatures
  An adder (D:2)
  3 dart slugs (D:1)
  A giant gecko (D:2)
  5 goblins
  A hobgoblin (D:1)
  3 kobolds (D:1)
  2 ball pythons
  5 bats
  2 giant newts (D:1)
  3 rats (D:1)
26 creatures vanquished.

Notes
Turn   | Place    | Note
--------------------------------------------------------------
     0 | D:1      | oplop the Vine Stalker Assassin began the quest for the Orb.
     0 | D:1      | Reached XP level 1. HP: 11/11 MP: 2/2
    73 | D:1      | Reached skill level 5 in Stealth
   160 | D:1      | Reached XP level 2. HP: 15/15 MP: 3/3
   635 | D:1      | Reached XP level 3. HP: 18/18 MP: 4/4
   788 | D:2      | Reached skill level 1 in Dodging
   850 | D:2      | Slain by a gnoll

Skill      XL: |  1  2  3 |
---------------+----------+-----
Stealth        | 5 |  5.5
Fighting       | 2 |  2.1
Short Blades   | 2 |  2.2
Dodging        | 1 |  1.0
Throwing       | |  1.8

Action                   || total
-------------------------++-------
Melee: Dagger            ||    50
       Bite              ||     9
 Stab: Sleeping          ||    11
Armor: Robe              ||    13
Dodge: Dodged            ||    19
